 Dungeon Crawl Stone Soup version 0.22-a0-305-gd21a89c538 (webtiles) character file.

33 Ivernyr the Skirmisher (level 3, -6/34 HPs)
             Began as a Minotaur Fighter on Mar 30, 2018.
             Mangled by Sigmund
             ... wielding a +2 scythe of protection
              (13 damage)
             ... on level 2 of the Dungeon.
             The game lasted 00:08:35 (811 turns).

Ivernyr the Skirmisher (Minotaur Fighter)            Turns: 811, Time: 00:08:35

Health: -6/34      AC:  7    Str: 20    XL:     3   Next: 12%
Magic:  2/2        EV:  7    Int:  5    God:
Gold:   51         SH:  9    Dex: 10    Spells: 2/2 levels left

rFire    . . .     SeeInvis .   a - +0 long sword
rCold    . . .     Gourm    .   c - +0 shield
rNeg     . . .     Faith    .   b - +0 scale mail
rPois    .         Spirit   .   (helmet restricted)
rElec    .         Reflect  .   (no cloak)
rCorr    .         Harm     .   (no gloves)
MR       .....                  (no boots)
Stlth    ..........             (no amulet)
HPRegen  0.11/turn              (no ring)
MPRegen  0.08/turn              (no ring)

@: no status effects
A: retaliatory headbutt, horns 2
a: no special abilities


You were on level 2 of the Dungeon.
You were not hungry.

You visited 1 branch of the dungeon, and saw 2 of its levels.

You collected 51 gold pieces.

Inventory:

Hand Weapons
 a - a +0 long sword (weapon)
Missiles
 k - 8 steel javelins (quivered)
Armour
 b - a +0 scale mail (worn)
 c - a +0 shield (worn)
Scrolls
 e - 5 scrolls of identify {unknown}
 g - a scroll of amnesia {unknown}
 h - 3 scrolls of magic mapping {unknown}
 j - a scroll of remove curse {unknown}
 l - a scroll of enchant weapon {unknown}
Potions
 d - a potion of might
 i - a potion of agility {unknown}
Comestibles
 f - 4 rations


   Skills:
 * Level 4.3 Fighting
 + Level 2.9 Long Blades
 + Level 4.0 Armour
 + Level 4.0 Shields


You had 2 spell levels left.
You didn't know any spells.

Dungeon Overview and Level Annotations

Branches:
Dungeon (2/15)

Altars:

Annotations:
D:2 Sigmund


Innate Abilities, Weirdness & Mutations

You reflexively headbutt those who attack you in melee.
You have a pair of horns on your head.


Message History

Found 7 gold pieces.
You see here 7 gold pieces.
Sigmund mumbles some strange words.
Sigmund flickers and vanishes!
Deactivating autopickup; reactivate with Ctrl-A.
A giant cockroach comes into view.
A rat comes into view.
Found 23 arrows.
The giant cockroach waves its antennae.
The goblin hits you but does no damage.
You closely miss the goblin. You block the goblin's attack. Something hits you!
You hit the goblin.
You kill the goblin!
Something hits you!
* * * LOW HITPOINT WARNING * * *
You miss something.
Sigmund appears from thin air!
Reactivating autopickup.
You barely miss Sigmund.
Sigmund hits you with a scythe of protection!
You die...

# #. #.#######
#..@@sr#
#.#####.#######
#. #.....(..
### #..######
.. #r.#
###.###..######
###
..r............
..#
.##.#....######
#.# #.#.## #.#.


You could see Sigmund, a giant cockroach and a rat.

Vanquished Creatures
  A dart slug (D:1)
  A leopard gecko (D:1)
  A ball python (D:1)
  3 giant cockroaches (D:1)
  8 goblins
  3 jackals (D:1)
  4 bats (D:1)
  2 frilled lizards (D:1)
  2 kobolds (D:1)
  2 rats (D:1)
27 creatures vanquished.

Notes
Turn   | Place    | Note
-------+----------+-------------------------------------------
     0 | D:1      | Ivernyr the Minotaur Fighter began the quest for the Orb.
     0 | D:1      | Reached XP level 1. HP: 19/19 MP: 0/0
    99 | D:1      | Reached XP level 2. HP: 27/27 MP: 1/1
   317 | D:1      | Reached XP level 3. HP: 33/33 MP: 2/2
   778 | D:2      | Noticed Sigmund
   811 | D:2      | Mangled by Sigmund

Vault maps used:
D:1:      onia_arrival_mini_spirals
D:2:      chequers_ecumenical_altar_twisty, amethyst_killhole, uniq_robin,
          uniq_sigmund

Skill      XL: |  1  2  3 |
---------------+----------+-----
Fighting       | 4 |  4.3
Armour         | 4 |  4.0
Shields        | 4 |  4.0
Long Blades    | |  2.9

Action                   || total
-------------------------++-------
Melee: Long sword        ||    50
       Headbutt          ||    10
Armor: Scale mail        ||    25
Dodge: Dodged            ||    23
Block: Shield            ||    30
       Rpst.: Long sword ||     2

Table legend:
 A = Spawn XP
 B = Non-spawn XP
 C = Spawn XP percentage of total XP
 D = Spawn monster count
 E = Non-spawn monster count
 F = Spawn count percentage of total count
 G = Total turns spent on level
                    A         B        C        D         E        F      G
               +---------+---------+-------+---------+---------+-------+---------
         Total |       0 |      48 |   0.0 |       0 |      27 |   0.0 |   811
               +---------+---------+-------+---------+---------+-------+---------
           D:1 |       0 |      46 |   0.0 |       0 |      26 |   0.0 |   765
           D:2 |       0 |       2 |   0.0 |       0 |       1 |   0.0 |    46
               +---------+---------+-------+---------+---------+-------+---------
